AoeStats
← yunusmujde

Arena

509120951Analyzed
3v3 RM · 6d ago on Sep 25, 2026· 43m 51s· 6 players
Game mode
Random Map
Map size
Normal (6 player)
Population
200
Speed
Normal
Resources
Standard
Victory
Conquest
Starting age
Dark Age
Ending age
Imperial Age
RankedLock teamsTeams togetherTeam positionsShared explorationLock speedFull tech treeHidden civsTurbo modeCheats
Victory
Defeat
🇹🇼 Slavs · Taiwan
893
+12
🇪🇸 Inca · Spain
866
+13
🇦🇷 Byzantines · Argentina
816
+34
🇹🇷 Goths · Türkiye
822
-14
🇺🇸 Magyars · United States
796
-13
🇵🇹 Portuguese · Portugal
757
-12
yunusmujde
10:21 Feudal Age
11:38 Wheelbarrow
10:50 Double-Bit Axe
10:45 Horse Collar
12:12 Gold Mining
17:34 Castle Age
18:30 Hand Cart
18:35 Bow Saw
18:19 Stone Mining
20:02 Caravan
23:54 Loom
29:36 Heavy Plow
35:05 Imperial Age
32:46 Forging
32:36 Scale Mail Armor
35:04 Iron Casting
34:44 Chain Mail Armor
35:14 Anarchy
35:21 Squires
35:24 Elite Huskarl
36:10 Perfusion
36:33 Conscription
37:24 Blast Furnace
37:04 Crop Rotation
37:48 Two-Man Saw
DELIRIO
11:50 Feudal Age
13:53 Wheelbarrow
14:14 Double-Bit Axe
19:14 Horse Collar
23:50 Castle Age
22:37 Forging
24:13 Scale Barding Armor
24:10 Scale Mail Armor
24:11 Padded Archer Armor
24:02 Fletching
25:23 Bow Saw
27:03 Hand Cart
26:14 Elite Skirmisher
26:56 Stone Mining
28:18 Thumb Ring
28:09 Crossbowman
33:02 Iron Casting
34:51 Chain Mail Armor
34:52 Leather Archer Armor
34:32 Bodkin Arrow
35:07 Gold Mining
35:54 Stone Shaft Mining
36:28 Circumnavigation
37:25 Caravan
37:55 Coinage
43:04 Imperial Age
Hazardus Chemikals
0:51 Loom
11:09 Feudal Age
16:48 Castle Age
14:51 Double-Bit Axe
18:03 Bow Saw
18:49 Wheelbarrow
18:32 Town Watch
19:02 Horse Collar
20:06 Heavy Plow
25:34 Husbandry
31:34 Hand Cart
31:12 Gold Mining
31:12 Stone Mining
31:22 Fletching
36:51 Imperial Age
36:48 Corvinian Army
36:59 Thumb Ring
36:58 Bodkin Arrow
37:03 Padded Archer Armor
38:47 Recurve Bow
38:40 Capped Ram
39:44 Conscription
42:06 Parthian Tactics
42:25 Hoardings
43:18 Bloodlines
42:29 Cavalier
42:30 Light Cavalry
FRANSITO14
11:35 Feudal Age
12:16 Double-Bit Axe
13:16 Champi Runner
13:44 Arson
15:05 Horse Collar
16:21 Gold Mining
20:34 Castle Age
18:24 Town Watch
19:24 Forging
19:41 Stone Mining
21:22 Scale Mail Armor
21:37 Loom
21:45 Champi Warrior
23:05 Squires
23:10 Heavy Plow
23:16 Pikeman
25:48 Iron Casting
26:29 Wheelbarrow
28:06 Chain Mail Armor
29:27 Bow Saw
29:53 Gold Shaft Mining
29:55 Stone Shaft Mining
30:31 Hand Cart
32:10 Fletching
32:56 Fortified Wall
36:42 Imperial Age
36:34 Ballistics
36:24 Town Patrol
37:56 Crop Rotation
38:29 Chemistry
37:40 Masonry
38:09 Coinage
38:25 Conscription
39:02 Fabric Shields
38:56 Capped Ram
40:18 Elite Kamayuk
42:55 Bodkin Arrow
44:32 Blast Furnace
44:24 Andean Sling
kumkum118
9:11 Loom
12:29 Feudal Age
17:22 Castle Age
15:45 Double-Bit Axe
15:48 Horse Collar
19:03 Wheelbarrow
23:42 Sanctity
28:16 Redemption
29:22 Bow Saw
29:30 Hand Cart
29:00 Town Watch
31:15 Heavy Plow
33:49 Imperial Age
33:06 Scale Barding Armor
33:01 Scale Mail Armor
32:27 Pikeman
34:25 Forging
34:36 Chain Barding Armor
34:16 Man-at-Arms
34:56 Squires
34:51 Gold Mining
34:51 Stone Mining
35:19 Chain Mail Armor
35:58 Illumination
35:49 Block Printing
35:29 Herbal Medicine
36:13 Theocracy
35:41 Town Patrol
36:53 Two-Man Saw
35:24 Capped Ram
35:49 Long Swordsman
36:10 Light Cavalry
37:00 Bloodlines
36:50 Husbandry
36:53 Padded Archer Armor
37:29 Plate Barding Armor
36:42 Two-Handed Swordsman
37:42 Champion
39:48 Plate Mail Armor
39:34 Leather Archer Armor
38:43 Heavy Scorpion
38:44 Siege Ram
Bloody Painter
15:08 Feudal Age
25:02 Wheelbarrow
35:10 Castle Age
36:18 Pikeman
36:28 Elite Skirmisher
Connection lost

Rejoining the realm…

Still unreachable

The connection could not be restored.

Session expired

The server has moved on; the page needs a fresh start.